Map: 큐리어스 마인즈 - 래더

Players

Solar

  • Race: Zerg Zerg
  • League: Master

RagnaroK (SHIN) - Winner!

  • Race: Zerg Zerg
  • League: Master

Event: DreamHack SC2 Masters Last Chance 2022

VOD

Have the link to the VOD?

Description

Time

  • Played on: Dec. 15, 2021, 5:13 a.m.
  • Length: 3:07

All games in this series

Show
View Real Time Build Order
Export as new Build Order

Solar Zerg 

Build Orders: 1 Base Baneling Bust, Pool Only 

Get SALT Encoding   

  12  0:10  Extractor  
  11  0:19  Spawning Pool  
  10  0:24  Drone  
  11  0:29  Drone  
  11  0:35  Drone  
  13  0:47  Overlord  
  13  1:06  Zergling x4  
  13  1:08  Zergling x2  
  16  1:13  Metabolic Boost  
  17  1:18  Zergling x2  
  17  1:29  Zergling x2  
  18  1:33  Baneling Nest  
  17  1:40  Zergling x2  
  18  1:50  Zergling x2  
  19  1:59  Queen  
  21  2:05  Zergling x2  
  22  2:14  Zergling x2  
  21  2:24  Overlord  
  20  2:34  Zergling x2  
  20  2:42  Baneling  
  19  2:45  Zergling x2  
Show
View Real Time Build Order
Export as new Build Order

RagnaroK Zerg - Winner!

Build Orders: Hatch First 

Get SALT Encoding   

  12  0:00  Drone  
  13  0:12  Overlord  
  13  0:16  Drone  
  14  0:31  Drone x2  
  16  0:48  Hatchery  
  15  0:51  Drone  
  15  0:54  Drone  
  17  1:09  Spawning Pool  
  17  1:11  Drone  
  17  1:14  Drone  
  17  1:16  Extractor  
  17  1:19  Drone  
  18  1:28  Drone  
  20  1:55  Zergling x2  
  20  1:56  Zergling x2  
  20  2:00  Zergling x2, Queen x2  
  20  2:01  Zergling x2  
  28  2:03  Spine Crawler  
  27  2:13  Zergling x2  
  26  2:22  Spine Crawler  
  25  2:25  Zergling x2  
  24  2:30  Zergling x2  
  24  2:32  Zergling x2  
  24  2:41  Zergling x2  
  25  2:44  Zergling x2  
  25  2:45  Zergling x2  
  25  2:51  Drone  
  27  2:54  Drone  

Tags
 
Add a new tag
Caveats
  • Supply blocks, unpowered buildings, or Contaminate may cause inaccurate times.
  • Supply counts are checked every 10 seconds.